 Dungeon Crawl Stone Soup version 0.29-a0-914-g906f1d757c (webtiles) character file.

Game seed: 14660275328005236890

67 kae the Insei (level 4, 35/35 HPs)
             Began as a Demonspawn Monk on July 26, 2022.
             Quit the game on level 2 of the Dungeon.
             The game lasted 00:01:16 (2804 turns).

kae the Insei (Demonspawn Monk)                     Turns: 2804, Time: 00:01:17

Health: 35/35      AC:  2    Str: 11    XL:     4   Next: 0%
Magic:  4/4        EV: 13    Int: 11    God:
Gold:   126        SH:  0    Dex: 18    Spells: 3/3 levels left

rFire   . . .      SeeInvis .     - Unarmed
rCold   . . .      Faith    .   (no shield)
rNeg    . . .      Spirit   .   a - +0 robe
rPois   .          Reflect  .   (no helmet)
rElec   .          Harm     .   (no cloak)
rCorr   .          Rampage  .   (no gloves)
Will    .....                   (no boots)
Stlth   ++........              (no amulet)
HPRegen 0.11/turn               (no ring)
MPRegen 0.09/turn               (no ring)

@: no status effects
A: hooves 1, demonic guardian 1
a: no special abilities


You were on level 2 of the Dungeon.
You visited 1 branch of the dungeon, and saw 2 of its levels.

You collected 126 gold pieces.


Innate Abilities, Weirdness & Mutations

You have large cloven feet.
A weak demonic guardian rushes to your aid.


   Skills:
 - Level 3.0 Fighting
 - Level 2.6 Dodging
 - Level 1.7 Stealth
 + Level 4.4 Unarmed Combat


You had 3 spell levels left.
You didn't know any spells.
Your spell library was empty.

Inventory:

Missiles
 c - 34 stones (quivered)
 g - 6 poisoned darts
Armour
 a - a +0 robe (worn)
 d - a +0 leather armour
   (You found it on level 2 of the Dungeon)
 e - a +0 robe
   (You found it on level 1 of the Dungeon)
 f - a +0 ring mail
   (You found it on level 1 of the Dungeon)
 h - a +0 robe
   (You found it on level 2 of the Dungeon)
 i - a +0 leather armour
   (You found it on level 2 of the Dungeon)
 m - a +0 chain mail
   (You found it on level 2 of the Dungeon)
 o - the +2 cloak of Courage {rC+ Int+2 Stlth+}
   (You found it on level 2 of the Dungeon)

   Int:       It affects your intelligence (+2).
   rC:        It protects you from cold.
   Stlth:     It makes you more stealthy.
 p - a +0 robe
   (You found it on level 2 of the Dungeon)
 q - a +0 ring mail
   (You found it on level 2 of the Dungeon)
 t - a +0 leather armour
   (You found it on level 2 of the Dungeon)
Scrolls
 k - a scroll of immolation {unknown}
 s - a scroll of butterflies {unknown}
Potions
 b - 2 potions of ambrosia
 j - a potion of cancellation {unknown}
 l - 2 potions of heal wounds {unknown}
 n - 2 potions of degeneration {unknown}
 r - a potion of magic {unknown}

Dungeon Overview and Level Annotations

Branches:
Dungeon (2/15) Zot: 9205

Altars:

###.#............)
#.....)...........
#.#.#.............
#.####.#.......#.#
#.# ####.....####
#.# ##...## #.#
#.....# #.#
##...##### #@#
##.####.#
#....g..##...##.##
#######..##.##..#
#.##..# #.....#
#######


You could see a goblin (asleep).


Message History

The hobgoblin shouts!
The hobgoblin barely misses you.
You hit the hobgoblin.
A hobgoblin is nearby!
You hit the hobgoblin.
You kill the hobgoblin!
No target in view!
You now have 108 gold pieces (gained 17).
o - the +2 cloak of Courage {rC+ Int+2 Stlth+} No target in view!
No target in view!
p - a +0 robe
There is a stone staircase leading down here.
There is a stone staircase leading down here.
Found a stone staircase leading up.
No target in view!
No target in view!
q - a +0 ring mail You open the door.
There is an open door here.
There is an open door here.
You see here a +0 short sword.
There is a stone staircase leading up here.
There is a stone staircase leading up here.
Key pressed, stopping explore.
A goblin comes into view. It is wielding a +0 dagger.
The goblin shouts!
The goblin hits you with a +0 dagger.
You closely miss the goblin.
The goblin hits you with a +0 dagger. 😕 HP[-4]
You take 4 damage, and now have 25/29 hp.
A goblin is nearby!
You hit the goblin. The goblin hits you with a +0 dagger.
You hit the goblin but do no damage.
The goblin hits you with a +0 dagger. 😮 HP[-5]
You take 5 damage, and now have 20/29 hp.
A goblin is nearby!
You are too injured to fight recklessly!
You are too injured to fight recklessly!
A goblin is nearby!
You are too injured to fight recklessly!
You are too injured to fight recklessly!
A goblin is nearby!
A goblin is nearby!
You are too injured to fight recklessly!
You are too injured to fight recklessly!
Unknown command.
You hit the goblin.
You kill the goblin!
Things that are here:
a +0 dagger; a goblin corpse
Things that are here:
a +0 dagger; a goblin corpse You now have 118 gold pieces (gained 10).
r - a fizzy white potion 😎 HP[+9]
Your hp is fully restored (29).
No target in view!
No target in view!
s - a scroll labelled DOAGRY OJEWNUE You now have 126 gold pieces (gained 8).
Key pressed, stopping explore.
No target in view!
No target in view!
An adder and a kobold come into view.
The kobold shouts!
The kobold throws a stone.
The stone barely misses you.
A kobold is nearby!
The kobold barely misses you.
You closely miss the adder. The kobold hits you but does no damage.
The adder bites you. 😕 HP[-3]
You take 3 damage, and now have 26/29 hp.
There are monsters nearby!
You hit the adder. The adder closely misses you.
The kobold hits you with a +0 dagger.
You hit the adder. The adder misses you. The kobold barely misses you. 😕 HP[-1]
You take 1 damage, and now have 25/29 hp.
There are monsters nearby!
You hit the adder.
You kill the adder!
The kobold closely misses you.
You hit the kobold.
You kill the kobold!
You have reached level 4!
You feel agile.
Your demonic ancestry asserts itself...
Your feet thicken and deform. 😕 HP[+5] MP[+1]
You now have 35 max hp (+6).
You regained 5 hp, and now have 30/35 hp.
Your mp is fully restored (4).
c - 31 stones (gained 4)
You see here a +0 dagger.
t - a +0 leather armour
c - 34 stones (gained 3)
A goblin comes into view. It is wielding a +0 club. 😎 HP[+5]
Your hp is fully restored (35).
Are you sure you want to abandon this character and quit the game? (Confirm with "yes".)

Skill      XL: |  1  2  3 |
---------------+----------+-----
Unarmed Combat | 3 4 |  4.4
Fighting       | |  3.0
Dodging        | |  2.6
Stealth        | |  1.7

Action                   |  1- 3 |  4- 6 || total
-------------------------+-------+-------++-------
Melee: Unarmed           |   125 |       ||   125
       Punch             |     2 |       ||     2
  Use: Scroll            |     1 |       ||     1
 Stab: Sleeping          |     5 |       ||     5
Armor: Robe              |    20 |       ||    20
Dodge: Dodged            |    94 |       ||    94

Levels and vault maps discovered:
D:1:      dpeg_arrival_tiny_b, layout_loops_ring,
          chequers_ecumenical_altar_simple_redux, minmay_hedge_maze
D:2:      layout_loops_ring, serial_aquarium, aquarium_bridge_straight
          [aquarium_subvault_bridge, aquarium_subvault_window,
          aquarium_subvault_bridge, aquarium_subvault_balcony],
          aquarium_window_1, aquarium_window_fake, aquarium_window_1,
          aquarium_view_2c, aquarium_pool_corner, nicolae_figureground_sparkle

Notes
Turn   | Place    | Note
-------+----------+-------------------------------------------
     0 | D:1      | kae the Demonspawn Monk began the quest for the Orb.
     0 | D:1      | Reached XP level 1. HP: 18/18 MP: 1/1
     0 | D:1      | magus.rc [v1.11.3]
   106 | D:1      | Reached skill level 3 in Unarmed Combat
   252 | D:1      | Gained mutation: A weak demonic guardian rushes to your
                  | aid. [demonic ancestry]
   252 | D:1      | Reached XP level 2. HP: 24/24 MP: 2/2
   270 | D:1      | HP: 4/24 [quokka (3)]
   562 | D:1      | Found a faded altar of an unknown god.
  1040 | D:1      | Reached XP level 3. HP: 26/29 MP: 3/3
  1502 | D:2      | Reached skill level 4 in Unarmed Combat
  1830 | D:2      | HP: 7/29 [poisoned by an adder]
  1832 | D:2      | HP: 3/29 [kobold/+0 short sword (3)]
  2311 | D:2      | Identified the +2 cloak of Courage {rC+ Int+2 Stlth+}
  2702 | D:2      | Gained mutation: You have large cloven feet. [demonic
                  | ancestry]
  2702 | D:2      | Reached XP level 4. HP: 30/35 MP: 4/4
  2804 | D:2      | Quit the game

Vanquished Creatures
  2 adders (D:2)
  A dart slug (D:1)
  4 ball pythons (D:1)
  3 bats
  5 endoplasms
  5 goblins
  A hobgoblin (D:2)
  2 jackals (D:1)
  A quokka (D:1)
  A frilled lizard (D:2)
  6 kobolds
  6 rats
37 creatures vanquished.

Vanquished Creatures (collateral kills)
  A worm (D:2)
  A goblin (D:1)
  A hobgoblin (D:1)
  A kobold (D:2)
  A quokka (D:1)
5 creatures vanquished.

Grand Total: 42 creatures vanquished

Table legend:
 A = Non-vault XP
 B = Vault XP
 C = Vault XP percentage of total XP
 D = Non-vault monster count
 E = Vault monster count
 F = Vault count percentage of total count
                 A         B        C        D         E       F
            +---------+---------+-------+---------+---------+-------
      Total |      97 |       0 |   0.0 |      42 |       0 |   0.0
            +---------+---------+-------+---------+---------+-------
        D:1 |      46 |       0 |   0.0 |      26 |       0 |   0.0
        D:2 |      51 |       0 |   0.0 |      16 |       0 |   0.0
            +---------+---------+-------+---------+---------+-------

Illustrated notes

Table legend:
 A = Kills in this place as a percentage of kills in entire the game.
 B = Kills by you in this place as a percentage of kills by you in the entire game.
 C = Kills by friends in this place as a percentage of kills by friends in the entire game.
 D = Other kills in this place as a percentage of other kills in the entire game.
 E = Experience gained in this place as a percentage of experience gained in the entire game.
 F = Experience gained in this place divided by the number of levels of this place that you have seen.
                   A       B       C       D       E      F
               +-------+-------+-------+-------+-------+----------------------
         Total | 100.0 | 100.0 | 100.0 |   N/A | 100.0 |  48.5
       Dungeon | 100.0 | 100.0 | 100.0 |   N/A | 100.0 |  48.5
               +-------+-------+-------+-------+-------+----------------------

Table legend: (Time is in decaauts)
 A = Elapsed time spent in this place.
 B = Non-inter-level travel time spent in this place.
 C = Inter-level travel time spent in this place.
 D = Time resting spent in this place.
 E = Time spent auto-exploring this place.
 F = Levels seen in this place.
 G = Mean time per level.
                   A        B        C        D        E       F      G
               +--------+--------+--------+--------+--------+-----+--------+
         Total |   2795 |   2787 |      8 |    248 |   2229 |   2 | 1397.5 |
       Dungeon |   2795 |   2787 |      8 |    248 |   2229 |   2 | 1397.5 |
               +--------+--------+--------+--------+--------+-----+--------+

Top non-repeatable levels by time:
     D:1: 1454 daAuts
     D:2: 1340 daAuts
